 Dungeon Crawl Stone Soup version 0.19.5 (console) character file.

1585 Grinner the Nimble (level 8, 0/42 HPs)
             Began as a Spriggan Fighter on Mar 5, 2017.
             Killed by divine providence
             ... invoked by an orc priest
              (8 damage)
             ... on level 8 of the Dungeon.
             The game lasted 00:15:20 (5109 turns).

Grinner the Nimble (Spriggan Fighter)               Turns: 5109, Time: 00:15:20

Health: 0/42       AC:  4    Str: 11 (12) XL:     8   Next: 61%
Magic:  9/9        EV: 25    Int:  7 (9)  God:
Gold:   440        SH:  7    Dex: 15 (16) Spells: 2 memorised, 3 levels left

rFire  . . .     SeeInvis +     a - +1 rapier
rCold  + . .     Gourm    .     s - +0 robe (curse)
rNeg   . . .     Faith    .     c - +0 buckler
rPois  .         Spirit   .     l - +2 hat
rElec  .         Reflect  .     k - +0 cloak
rCorr  .         Harm     .     (gloves unavailable)
MR     +....                    (boots unavailable)
Stlth  +++.......               (no amulet)
                                (no ring)
                                n - ring of protection from cold

@: silence (expiring), very quick
A: unfitting armour, antennae 1, see invisible, deformed body, herbivore 3,
speed 3, high mp 1, robust 1, screaming 1, slow metabolism 2, weak 1
a: no special abilities


You were on level 8 of the Dungeon.
You were not hungry.

You visited 1 branch of the dungeon, and saw 8 of its levels.

You collected 440 gold pieces.

Inventory:

Hand Weapons
 a - a +1 rapier (weapon)
Armour
 b - a +0 robe
 c - a +0 buckler (worn)
 k - a +0 cloak (worn)
 l - a +2 hat (worn)
 s - a cursed +0 robe (worn)
Jewellery
 j - an uncursed ring of ice {unknown}
 n - a ring of protection from cold (left hand)
Wands
 h - a wand of random effects (29/48)
 r - a wand of lightning (4/15)
 v - a wand of lightning (9/15)
 x - a wand of polymorph (16/24)
 y - a wand of slowing (22/48)
Scrolls
 d - a scroll of amnesia
 g - a scroll of identify
 o - 3 scrolls of teleportation
 u - a scroll of remove curse
 z - a scroll of immolation
Potions
 w - a potion of degeneration
Books
 t - a book of Minor Magic

   Spells                             Type                      Level
   a - Magic Dart                     Conjuration                  1
   b - Blink                          Translocation                2
   c - Call Imp                       Summoning                    2
   d - Repel Missiles                 Charms/Air                   2
   e - Slow                           Hexes                        2
   f - Conjure Flame                  Conjuration/Fire             3
   g - Mephitic Cloud                 Conjuration/Poison/Air       3
Comestibles
 f - 6 bread rations
 i - a slice of pizza
 m - a royal jelly


   Skills:
 - Level 2.4 Fighting
 + Level 4.9 Short Blades
 * Level 10.1 Dodging
 * Level 9.6 Stealth
 + Level 4.1 Shields


You had 3 spell levels left.
You knew the following spells:

 Your Spells              Type           Power        Failure   Level  Hunger
b - Blink                 Tloc           N/A          83%         2    ###....
m - Repel Missiles        Chrm/Air       #.....       83%         2    ###....


Dungeon Overview and Level Annotations

Branches:
Dungeon (7/15)
 Temple: D:4-7

Altars:
Ru
Xom

Annotations:
D:4 Grinder


Innate Abilities, Weirdness & Mutations

You are very small and have problems with some larger weapons.
You are too small for most types of armour.
You have supernaturally acute eyesight. (SInv)
You are a herbivore.
You cover ground extremely quickly.
You need consume almost no food.
You have a pair of small antennae on your head.
Armour fits poorly on your strangely shaped body.
You have an increased reservoir of magic. (+10% MP)
You are robust. (+10% HP)
You occasionally shout uncontrollably at your foes.
You are weak. (Str -2)


Message History

A kobold and a big kobold come into view.
The kobold is wielding a dagger of flaming.
A wight comes into view. It is wielding a great sword.
The wight completely misses you.
An orc priest comes into view. It is wielding a club.
A wight comes into view. It is wielding a spear.
An orc wizard comes into view. It is wielding a dagger.
The wight misses you.
A wight comes into view. It is wielding an enchanted spear.
An orc comes into view. It is wielding a hand axe.
The orc priest completely misses you.
An orc and a phantom come into view.
Okay, then.
Okay, then.
The orc priest completely misses you. The wight misses you.
The wight hits you with a spear.
* * * LOW HITPOINT WARNING * * *
The orc priest calls down the wrath of Beogh upon you.
Beogh smites you!
You die...

#....# #....# #....+
#############+####....#
......................#'
.......................K
......o.......$........K
........o.........K.....
.......@.z...........Z..
......Wo..o.z...........
.......z....z...........
##....############....##
#.... #....# #....
#....# #... ....# #...
..#


You could see a phantom, 4 wights, an orc priest, an orc wizard and 2 orcs.

Vanquished Creatures
  A hippogriff (D:7)
  2 ice beasts (D:5)
  An orc warrior (D:6)
  A black bear (D:6)
  A necrophage (D:7)
  A phantom (D:4)
  A big kobold (D:7)
  2 bullfrogs (D:7)
  2 vampire bats (D:3)
  A crimson imp (D:5)
  A centaur skeleton (D:5)
  A jelly (D:6)
  An orc priest (D:8)
  A bullfrog skeleton (D:5)
  3 hounds
  3 worker ants
  Natasha (twice) (D:3)
  A hound skeleton (D:5)
  A worker ant zombie (D:5)
  4 gnolls (D:2)
  7 adders
  An adder zombie (D:5)
  An adder skeleton (D:5)
  2 worms (D:2)
  3 leopard geckos
  5 orcs
  2 ball pythons
  11 bats
  5 giant cockroaches
  5 goblins
  A hobgoblin (D:2)
  10 jackals
  7 kobolds
  3 quokkas
  3 frilled lizards
  A quokka zombie (D:5)
  5 rats
103 creatures vanquished.

Notes
Turn   | Place    | Note
-------+----------+-------------------------------------------
     0 | D:1      | Grinner the Spriggan Fighter began the quest for the Orb.
     0 | D:1      | Reached XP level 1. HP: 11/11 MP: 2/2
   564 | D:2      | Reached XP level 2. HP: 16/16 MP: 3/3
   574 | D:2      | Reached skill level 1 in Stealth
  1058 | D:2      | Reached XP level 3. HP: 19/19 MP: 4/4
  1065 | D:2      | Reached skill level 5 in Dodging
  1372 | D:2      | Reached XP level 4. HP: 17/23 MP: 5/5
  1671 | D:2      | You fall through a shaft for 2 floors!
  1686 | D:4      | Reached skill level 6 in Dodging
  2160 | D:3      | Noticed Natasha
  2175 | D:3      | Killed Natasha
  2175 | D:3      | Reached XP level 5. HP: 22/27 MP: 6/6
  2502 | D:3      | Noticed Natasha
  2520 | D:3      | Killed Natasha
  2520 | D:3      | Reached skill level 7 in Dodging
  2520 | D:3      | Reached skill level 5 in Stealth
  2520 | D:3      | Reached XP level 6. HP: 27/32 MP: 7/7
  2821 | D:4      | Noticed Grinder
  2824 | D:4      | Gained mutation: You have a pair of small antennae on your head. [potion of mutation]
  2824 | D:4      | Gained mutation: You have an increased reservoir of magic. (+10% MP) [potion of mutation]
  2824 | D:4      | Gained mutation: You are robust. (+10% HP) [potion of mutation]
  2833 | D:4      | Paralysed by Grinder for 7 turns
  2861 | D:5      | Entered Level 5 of the Dungeon
  2970 | D:5      | Found a sacrificial altar of Ru.
  3089 | D:5      | Reached XP level 7. HP: 34/38 MP: 8/8
  3271 | D:5      | Reached skill level 8 in Dodging
  3618 | D:6      | Learned a level 2 spell: Repel Missiles
  3621 | D:6      | Learned a level 2 spell: Blink
  3639 | D:6      | Found a shimmering altar of Xom.
  4394 | D:6      | Reached skill level 9 in Dodging
  4394 | D:6      | Reached XP level 8. HP: 42/42 MP: 9/9
  4672 | D:7      | Gained mutation: You occasionally shout uncontrollably at your foes. [potion of mutation]
  4672 | D:7      | Gained mutation: You are weak. (Str -2) [potion of mutation]
  4672 | D:7      | Gained mutation: Armour fits poorly on your strangely shaped body. [potion of mutation]
  4694 | D:7      | Noticed a hippogriff
  4749 | D:7      | Killed a hippogriff
  5000 | D:7      | Reached skill level 10 in Dodging
  5033 | D:7      | Noticed a hill giant
  5039 | D:7      | You fall through a shaft!
  5109 | D:8      | Killed from afar by an orc priest

Skill      XL: |  1  2  3  4  5  6  7  8 |
---------------+-------------------------+-----
Stealth        | 2 3 4 5 6 8 9 |  9.6
Dodging        | 5 6 7 9 10 | 10.1
Short Blades   | 3 4 |  4.9
Shields        | 3 4 |  4.1
Fighting       | |  2.4

Action                   |  1- 3 |  4- 6 |  7- 9 || total
-------------------------+-------+-------+-------++-------
Melee: Rapier            |   119 |   187 |   144 ||   450
Evoke: Wand              |       |       |     2 ||     2
  Use: Scroll            |     5 |     4 |     2 ||    11
       Potion            |     4 |     3 |     6 ||    13
 Stab: Sleeping          |     4 |     7 |     8 ||    19
  Eat: Pizza             |       |       |     2 ||     2
Armor: Robe              |     9 |    20 |    13 ||    42
Dodge: Dodged            |    84 |   207 |   149 ||   440
Block: Buckler           |    39 |    78 |    68 ||   185
